General information
			
			
        
        - name: gjoidge
 
        - type: Ladder 1vs1/FFA
 
        - host: iggy_the_fisk
 
        - saver: TIMG4STRok
 
        
map: RoadToStratholme 
        - players: 5
 
        - length: 06:29
 
        - speed: Fast
 - version: 1.22 W3XP
 - replay type:  

 
» download(34 KB)
Players
        team 1 (winner) 
              
              
TIMG4STRok (
gray | 124 APM | 803 actions | 06:29)
              
 2 Demon Hunter 
 1 Mana Burn
 1 Evasion
 
                » actions 
                
                | Assign group hotkey | 10 |  | 
| Basic commands | 14 |  | 
| Build / train | 24 |  | 
| ESC pressed | 1 |  | 
| Enter build submenu | 10 |  | 
| Enter hero's abilities submenu | 2 |  | 
| Right click | 458 |  | 
| Select / deselect | 67 |  | 
| Select group hotkey | 201 |  | 
| Use ability | 16 |  | 
                803 total
 » units 
                » buildings
                
                | Altar of Elders | 1 |  | 
| Moon Well | 3 |  | 
| Ancient of War | 3 |  | 
| Tree of Ages | 1 |  | 
| Hunter's Hall | 1 |  | 
                9 total
 » build order
                00:04 Altar of Elders
00:19 Moon Well
01:07 Ancient of War
01:30 Moon Well
03:02 Tree of Ages
03:15 Moon Well
04:26 Ancient of War
04:42 Hunter's Hall
05:26 Ancient of War
 
               team 2 (loser) 
              
              
» 
evil_pengoon (
pink | 74 APM | 479 actions | 06:27)
              
 1 Demon Hunter 
 1 Mana Burn
 
                » actions 
                
                | Assign group hotkey | 1 |  | 
| Basic commands | 5 |  | 
| Build / train | 18 |  | 
| Enter build submenu | 14 |  | 
| Enter hero's abilities submenu | 1 |  | 
| Give item / drop item | 5 |  | 
| Remove unit from queue | 1 |  | 
| Right click | 234 |  | 
| Select / deselect | 87 |  | 
| Select group hotkey | 88 |  | 
| Use ability | 25 |  | 
                479 total
 » units 
                » buildings
                
                | Altar of Elders | 1 |  | 
| Moon Well | 3 |  | 
| Tree of Ages | 2 |  | 
| Hunter's Hall | 1 |  | 
| Ancient of Wonders | 1 |  | 
| Ancient of Lore | 2 |  | 
| Ancient Protector | 2 |  | 
                12 total
 » build order
                00:07 Altar of Elders
00:13 Moon Well
01:46 Tree of Ages
01:46 Tree of Ages
01:56 Moon Well
03:02 Hunter's Hall
03:09 Moon Well
03:25 Ancient of Wonders
04:26 Ancient of Lore
04:30 Ancient Protector
04:42 Ancient of Lore
05:45 Ancient Protector
» items
                
                | Boots of Speed | 1 |  | 
| Potion of Healing | 3 |  | 
                4 total
  
               observersiggy_the_fisk, 
BEAR_AND, 
blinn Chat log
          (00:14 / All) TIMG4STRok: only 2 spawns on this map?
(00:16 / All) TIMG4STRok: YES ok
(00:22 / All) TIMG4STRok: gg gl
(00:24 / All) evil_pengoon: gl hf and have excellent maner
(00:31 / All) evil_pengoon: all goon replays at highper.ch
(00:42 / All) TIMG4STRok: this map
(00:45 / All) TIMG4STRok: this freaking map.
(00:49 / All) evil_pengoon: fuck the lord nigger jesus christ
(00:58 / All) TIMG4STRok: fuck this map